AoeStats
← 从不压堡之人

Arena

510297185Analyzed
4v4 RM · 2d ago on Sep 30, 2026· 43m 33s· 8 players
Game mode
Random Map
Map size
Large (8 player)
Population
200
Speed
Normal
Resources
Standard
Victory
Conquest
Starting age
Dark Age
Ending age
Imperial Age
RankedLock teamsTeams togetherTeam positionsShared explorationLock speedFull tech treeHidden civsTurbo modeCheats
Victory
Defeat
🇨🇳 Britons · China
1264
+8
1045
+16
🇨🇳 Jurchens · China
1029
+17
🇨🇳 Spanish · China
975
+18
🇨🇳 Franks · China
1061
-15
🇨🇳 Burgundians · China
1059
-15
🇨🇳 Bohemians · China
1059
-15
🇨🇳 Mongols · China
1022
-14
我不是
10:58 Feudal Age
12:22 Double-Bit Axe
15:14 Castle Age
17:01 Bow Saw
22:19 Wheelbarrow
22:06 Gold Mining
23:24 Gold Shaft Mining
23:56 Hand Cart
24:00 Stone Mining
26:01 Loom
27:06 Scale Barding Armor
27:11 Forging
29:36 Imperial Age
28:17 Chain Barding Armor
27:46 Treadmill Crane
29:54 Husbandry
29:59 Cavalier
31:53 Chemistry
31:00 Siege Engineers
31:31 Chivalry
31:52 Conscription
31:38 Paladin
33:48 Plate Barding Armor
33:49 Iron Casting
36:27 Murder Holes
36:25 Pikeman
37:06 Squires
36:51 Arson
38:13 Hoardings
37:08 Halberdier
37:58 Scale Mail Armor
38:59 Blast Furnace
40:34 Chain Mail Armor
40:14 Fletching
41:57 Elite Throwing Axeman
43:14 Plate Mail Armor
42:41 Bodkin Arrow
42:35 Arrowslits
怀草诗
4:26 Double-Bit Axe
7:03 Horse Collar
12:28 Feudal Age
16:16 Castle Age
14:35 Bow Saw
14:59 Heavy Plow
17:50 Wheelbarrow
17:49 Husbandry
17:11 Light Cavalry
18:41 Husbandry
22:53 Town Watch
23:02 Gold Mining
23:22 Loom
24:00 Hand Cart
28:24 Imperial Age
27:09 Gold Shaft Mining
27:40 Scale Mail Armor
27:51 Forging
28:37 Squires
29:09 Guilds
28:46 Treadmill Crane
28:51 Capped Ram
30:17 Chain Mail Armor
30:38 Iron Casting
31:34 Plate Mail Armor
35:11 Blast Furnace
36:29 Padded Archer Armor
38:03 Chemistry
Elias
10:42 Feudal Age
13:14 Loom
15:55 Castle Age
14:15 Horse Collar
15:25 Stone Mining
15:41 Double-Bit Axe
19:00 Wheelbarrow
19:08 Bow Saw
27:12 Fletching
27:23 Padded Archer Armor
27:58 Heavy Plow
29:33 Hand Cart
29:04 Town Watch
30:58 Nomads
33:54 Gold Mining
38:12 Imperial Age
35:42 Town Patrol
35:51 Bodkin Arrow
37:08 Gold Shaft Mining
37:11 Stone Shaft Mining
37:08 Thumb Ring
39:29 Parthian Tactics
39:20 Squires
39:05 Arson
38:41 Pikeman
38:48 Onager
40:09 Ballistics
40:49 Chemistry
39:55 Siege Engineers
40:23 Conscription
40:47 Drill
39:48 Elite Mangudai
41:22 Siege Onager
42:36 Siege Onager
等等
10:51 Feudal Age
11:27 Double-Bit Axe
11:42 Horse Collar
13:16 Loom
17:17 Castle Age
16:32 Wheelbarrow
22:25 Chemistry
26:34 Imperial Age
25:19 Heavy Plow
27:22 Bow Saw
32:45 Siege Engineers
35:53 Pikeman
40:47 Onager
从不压堡之人
10:57 Feudal Age
14:28 Castle Age
12:34 Double-Bit Axe
12:59 Horse Collar
16:21 Wheelbarrow
18:06 Loom
23:35 Bow Saw
28:23 Imperial Age
26:08 Gold Mining
26:20 Fletching
26:53 Heavy Plow
26:51 Town Watch
27:31 Inquisition
28:36 Sanctity
28:19 Husbandry
28:29 Bloodlines
28:15 Bodkin Arrow
28:41 Ballistics
30:06 Chemistry
29:07 Bracer
30:13 Two-Man Saw
29:33 Block Printing
29:50 Illumination
29:17 Stone Mining
30:10 Redemption
30:17 Murder Holes
31:06 Fervor
31:18 Conscription
31:01 Guard Tower
30:56 Arrowslits
31:36 Padded Archer Armor
32:47 Theocracy
33:45 Atonement
35:30 Guilds
36:12 Keep
35:47 Masonry
36:26 Hand Cart
36:42 Caravan
38:59 Stone Shaft Mining
39:08 Supremacy
39:31 Town Patrol
41:45 Coinage
我不是蓝精灵
11:12 Feudal Age
12:39 Double-Bit Axe
14:55 Castle Age
12:52 Horse Collar
14:17 Wheelbarrow
16:14 Bow Saw
16:05 Heavy Plow
17:48 Hand Cart
18:07 Loom
22:02 Stone Mining
22:42 Town Watch
24:29 Gold Mining
25:45 Gold Shaft Mining
25:51 Stone Shaft Mining
30:05 Imperial Age
27:58 Forging
27:54 Scale Barding Armor
28:47 Bloodlines
28:38 Husbandry
29:30 Iron Casting
31:05 Chain Barding Armor
30:24 Elite Iron Pagoda
31:41 Conscription
32:51 Blast Furnace
32:32 Plate Barding Armor
34:49 Two-Man Saw
34:26 Crop Rotation
34:19 Fortified Wall
35:06 Fletching
35:17 Padded Archer Armor
35:42 Ballistics
36:24 Chemistry
35:51 Caravan
37:11 Coinage
39:16 Banking
38:58 Guilds
39:15 Thunderclap Bombs
39:42 Hoardings
39:36 Fortified Bastions
39:35 Murder Holes
39:51 Masonry
39:22 Treadmill Crane
41:26 Bodkin Arrow
41:46 Leather Archer Armor
41:24 Arrowslits
我怕你审判长?
5:07 Double-Bit Axe
11:15 Feudal Age
9:25 Horse Collar
15:07 Castle Age
13:56 Bow Saw
13:48 Heavy Plow
22:06 Two-Man Saw
24:01 Wheelbarrow
24:42 Crop Rotation
24:38 Gold Mining
24:41 Stone Mining
26:19 Treadmill Crane
29:14 Imperial Age
27:22 Scale Barding Armor
27:27 Forging
28:23 Gold Shaft Mining
28:23 Stone Shaft Mining
28:42 Chain Barding Armor
28:39 Hand Cart
28:10 Loom
28:10 Town Watch
27:53 Cavalier
28:34 Husbandry
29:13 Burgundian Vineyards
31:01 Plate Barding Armor
31:01 Iron Casting
30:19 Paladin
31:29 Conscription
34:00 Blast Furnace
33:02 Padded Archer Armor
34:35 Chemistry
33:56 Ballistics
35:36 Leather Archer Armor
35:58 Caravan
36:09 Guilds
36:15 Fletching
37:46 Bodkin Arrow
39:18 Town Patrol
40:00 Coinage
43:03 Bracer
BLUE POISON
10:10 Feudal Age
10:48 Double-Bit Axe
13:45 Castle Age
11:50 Horse Collar
14:48 Bow Saw
19:59 Wheelbarrow
22:42 Hand Cart
22:56 Gold Mining
24:49 Gold Shaft Mining
27:54 Imperial Age
25:21 Loom
25:21 Town Watch
26:16 Ballistics
26:05 Stone Mining
26:11 Fletching
27:30 Bodkin Arrow
28:32 Fortified Wall
28:08 Onager
28:57 Bracer
29:58 Chemistry
29:05 Siege Engineers
30:03 Chemistry
29:15 Masonry
30:16 Padded Archer Armor
30:51 Capped Ram
30:54 Pikeman
31:35 Scale Mail Armor
31:47 Forging
32:40 Chain Mail Armor
31:47 Halberdier
33:24 Conscription
33:10 Squires
33:29 Heavy Plow
34:31 Two-Man Saw
34:34 Architecture
34:35 Plate Mail Armor
34:41 Iron Casting
34:58 Warwolf
35:06 Treadmill Crane
36:40 Blast Furnace
35:47 Caravan
35:47 Arson
37:18 Murder Holes
37:09 Arrowslits
37:14 Guard Tower
37:41 Leather Archer Armor
38:07 Elite Longbowman
39:21 Ring Archer Armor
40:02 Hoardings
40:05 Keep
40:33 Coinage
41:57 Banking
43:40 Yeomen
Connection lost

Rejoining the realm…

Still unreachable

The connection could not be restored.

Session expired

The server has moved on; the page needs a fresh start.